 Dungeon Crawl Stone Soup version 0.28-a0-503-g83f2989fac (webtiles) character file.

Game seed: 14147745690395573096

151 robertstho the Magician (level 5, -1/37 HPs)
             Began as a Djinni Fire Elementalist on Sept 20, 2021.
             Slain by a wraith (14 damage)
             ... in an ossuary.
             The game lasted 00:04:49 (4415 turns).

robertstho the Magician (Djinni Fire Elementalist)  Turns: 4415, Time: 00:04:50

Health: -1/37      AC:  2    Str:  7    XL:     5   Next: 59%
Gold:   139        EV: 16    Int: 18    God:
                   SH:  0    Dex: 13

rFire   + + .      SeeInvis .   b - +2 dagger (flame)
rCold   x . .      Faith    .   (no shield)
rNeg    . . .      Spirit   .   a - +0 robe
rPois   ∞          Reflect  .   (no helmet)
rElec   .          Harm     .   (no cloak)
rCorr   .          Rampage  .   (no gloves)
Will    .....                   (boots unavailable)
Stlth   ++........              (no amulet)
HPRegen 0.12/turn               f - +4 ring of evasion
MPRegen 0.00/turn               i - ring of wizardry

@: flying, slowed, very slow
A: sickness immunity, fire resistance 2, cold vulnerability 1, float, innate
caster, hp casting, extra vitality 1
a: no special abilities


You were in an ossuary.
You visited 1 branch of the dungeon, and saw 4 of its levels.
You also visited: Ossuary.

You collected 139 gold pieces.

Inventory:

Hand Weapons
 b - a +2 dagger of flaming (weapon)
 g - a +1 dagger
 n - a +0 great sword
Missiles
 d - 109 stones
Armour
 a - a +0 robe (worn)
Jewellery
 e - a ring of fire
 f - a +4 ring of evasion (left hand)
 i - a ring of wizardry (right hand)
 m - a ring of willpower
 q - a ring of ice
 t - an amulet of reflection
Wands
 r - a wand of flame (22)
Scrolls
 h - a scroll of amnesia {unknown}
 l - a scroll of holy word
 o - a scroll of torment {unknown}
 p - a scroll of fear
 s - a scroll of teleportation
 v - a scroll of fog {unknown}
 w - 2 scrolls of identify
 y - a scroll of enchant armour {unknown}
Potions
 c - 2 potions of mutation {unknown}
 j - 3 potions of curing {unknown}
 k - a potion of invisibility {unknown}
 u - a potion of attraction {unknown}
 x - 2 potions of haste {unknown}
 z - a potion of cancellation {unknown}


   Skills:
 * Level 1.2 Fighting
 + Level 2.3 Dodging
 + Level 1.9 Stealth
 * Level 4.2 Spellcasting


You couldn't memorise any spells.
You knew the following spells:

 Your Spells              Type           Power      Damage    Failure   Level
a - Foxfire               Conj/Fire      72%        2x1d7     1%          1
b - Scorch                Fire           36%        2d7       1%          2
c - Conjure Flame         Conj/Fire      18%        6-21      3%          3
d - Inner Flame           Hex/Fire       18%        N/A       3%          3
e - Flame Wave            Conj/Fire      18%        3d5       11%         4
f - Apportation           Tloc           36%        N/A       1%          1
g - Blink                 Tloc           N/A        N/A       1%          2
Your spell library was empty.

Dungeon Overview and Level Annotations

Branches:
Dungeon (4/15)            Ossuary (1/1)
 Temple: D:4-7

Altars:


Innate Abilities, Weirdness & Mutations

You are immune to sickness and miasma.
You are immune to poison.
Your flesh is very heat resistant. (rF++)
You are vulnerable to cold. (rC-)
You float through the air rather than walking.
You learn spells naturally, not from books.
Your magical power is your life essence.
You have superior vitality. (+4 HP)


Message History

Confirm with . or Enter, or press ? or * to list all spells.
Flames lash the wraith.
The wraith is lightly damaged.
The wraith's fire resistance burns away.
Casting: Scorch (safe; 1% risk of failure)
Confirm with . or Enter, or press ? or * to list all spells.
Flames lash the wraith.
The wraith is burned terribly!
The wraith is moderately damaged.
The wraith hits you. The wraith drains your vigour!
You feel yourself slow down.
Casting: Scorch (safe; 1% risk of failure)
Confirm with . or Enter, or press ? or * to list all spells.
Flames lash the wraith.
The wraith is burned terribly!
The wraith is heavily damaged.
The wraith closely misses you.
Casting: Scorch (safe; 1% risk of failure)
Confirm with . or Enter, or press ? or * to list all spells.
Flames lash the wraith.
The wraith is burned terribly!
The wraith is severely damaged.
The wraith is no longer more vulnerable to fire.
The wraith hits you. x2; The wraith drains your vigour!
You feel as though you will be slow longer.
Casting: Scorch (safe; 1% risk of failure)
Confirm with . or Enter, or press ? or * to list all spells.
Flames lash the wraith.
The wraith is almost destroyed.
The wraith's fire resistance burns away.
The wraith hits you. The wraith drains your vigour!
You feel as though you will be slow longer.
Casting: Scorch (safe; 1% risk of failure)
Confirm with . or Enter, or press ? or * to list all spells.
You blink.
The wraith misses you.
Casting: Blink (safe; 1% risk of failure)
Confirm with . or Enter, or press ? or * to list all spells.
Flames lash the wraith.
The wraith is almost destroyed.
The wraith's fire resistance burns away.
The wraith hits you!
You die...

###########################
#..........................
#..........................
#..###..###..###..###..###.
#..#.#..#!#..# #..#.#..#.#.
#..#'#..#'#..#+#..#'#..#'#.
#..#.#..#.#..#.#..#.#..#.#.
#.........W................
#.........@................
#..####......###......####.
#..#.'...8...#.#...8...'.#.
#..####......#'#......####.
#............#.#...........
#..........................
#..####.####.....####.####.
#..#.'..#.'...8...'.#..'.#.
#..####.####.....####.####.


You could see a wraith (combustible).

Vanquished Creatures
  An iguana (D:4)
  A hound skeleton (D:4)
  3 mummies (Ossuary)
  An adder (D:2)
  A worm (D:3)
  3 endoplasms
  2 giant cockroaches
  A goblin (D:4)
  5 hobgoblins
  8 jackals
  11 kobolds
  3 quokkas
  7 ball pythons
  4 bats
  3 frilled lizards
  2 goblin zombies (Ossuary)
  3 hobgoblin zombies (Ossuary)
  A rat (D:3)
60 creatures vanquished.

Vanquished Creatures (others)
  239 foxfires
239 creatures vanquished.

Grand Total: 299 creatures vanquished

Notes
Turn   | Place    | Note
-------+----------+-------------------------------------------
     0 | D:1      | robertstho the Djinni Fire Elementalist began the quest for
                  | the Orb.
     0 | D:1      | Reached XP level 1. HP: 15/15 MP: 0/0
   518 | D:1      | Reached XP level 2. HP: 18/22 MP: 0/0
  1063 | D:1      | Reached skill level 3 in Spellcasting
  1063 | D:1      | Reached XP level 3. HP: 23/26 MP: 0/0
  1063 | D:1      | Learned a level 1 spell: Apportation
  1981 | D:2      | Found a faded altar of an unknown god.
  2266 | D:3      | Reached XP level 4. HP: 20/31 MP: 0/0
  3515 | D:4      | Reached skill level 1 in Fighting
  3535 | D:4      | Reached XP level 5. HP: 21/37 MP: 0/0
  3535 | D:4      | Learned a level 2 spell: Blink
  3587 | D:4      | Found a sand-covered staircase.
  3592 | Ossuary  | Entered an ossuary
  3592 | Ossuary  | Noticed a wraith
  3592 | Ossuary  | Noticed a wraith
  3592 | Ossuary  | Noticed a wraith
  3924 | Ossuary  | Reached skill level 4 in Spellcasting
  4407 | Ossuary  | Noticed a wraith
  4415 | Ossuary  | Slain by a wraith

Illustrated notes

Levels and vault maps discovered:
D:1:      wander_arrival_chamber, layout_loops_corners, minmay_heptomino_h4
D:2:      layout_rooms, dreamdust_ecumenical_altar_grove
D:3:      layout_rooms, minivault_5
D:4:      layout_loops_cross, enter_ossuary_2
Ossuary:  ossuary_kennysheep_city_of_the_dead

Skill      XL: |  1  2  3  4  5 |
---------------+----------------+-----
Spellcasting   | 3 4 |  4.2
Fighting       | 1 |  1.2
Dodging        | |  2.3
Stealth        | |  1.9

Action                   |  1- 3 |  4- 6 || total
-------------------------+-------+-------++-------
Melee: Dagger            |       |     7 ||     7
 Cast: Foxfire           |    88 |    60 ||   148
       Scorch            |     2 |    21 ||    23
       Blink             |       |     1 ||     1
  Use: Scroll            |     3 |     4 ||     7
 Stab: Sleeping          |       |     1 ||     1
Armor: Robe              |       |     1 ||     1
Dodge: Dodged            |     3 |    12 ||    15

Table legend: (Time is in decaauts)
 A = Elapsed time spent in this place.
 B = Non-inter-level travel time spent in this place.
 C = Inter-level travel time spent in this place.
 D = Time resting spent in this place.
 E = Time spent auto-exploring this place.
 F = Levels seen in this place.
 G = Mean time per level.
                   A        B        C        D        E       F      G
               +--------+--------+--------+--------+--------+-----+--------+
         Total |   4415 |   4315 |    100 |    401 |   3426 |   5 |  883.0 |
       Dungeon |   3590 |   3490 |    100 |    401 |   2663 |   4 |  897.5 |
       Ossuary |    825 |    825 |      0 |      0 |    763 |   1 |  825.0 |
               +--------+--------+--------+--------+--------+-----+--------+

Top non-repeatable levels by time:
     D:1: 1520 daAuts
     D:2: 997 daAuts
     D:3: 934 daAuts
 Ossuary: 825 daAuts
     D:4: 138 daAuts
